 Dungeon Crawl Stone Soup version 0.29.1-15-g9cfb28693d (webtiles) character file.

Game seed: 15788116408561829138

21 Heoruswealwe the Digger (level 2, 0/15 HPs)
             Began as a Deep Elf Earth Elementalist on Mar 25, 2023.
             Slain by a goblin
             ... wielding a +0 dagger
              (2 damage)
             ... on level 1 of the Dungeon.
             The game lasted 00:03:16 (284 turns).

Heoruswealwe the Digger (DEEE)                       Turns: 284, Time: 00:03:17

Health: 0/15       AC:  3    Str:  5    XL:     2   Next: 62%
Magic:  1/8        EV: 12    Int: 19    God:
Gold:   31         SH:  0    Dex: 15    Spells: 7/8 levels left

rFire   . . .      SeeInvis .   d - +0 hand axe
rCold   . . .      Faith    .   (no shield)
rNeg    . . .      Spirit   .   a - +0 robe
rPois   .          Reflect  .   (no helmet)
rElec   .          Harm     .   (no cloak)
rCorr   .          Rampage  .   c - +0 pair of gloves
Will    .....                   (no boots)
Stlth   ++........              (no amulet)
HPRegen 0.05/turn               (no ring)
MPRegen 0.11/turn               (no ring)

@: no status effects
A: no striking features
a: no special abilities


You were on level 1 of the Dungeon.
You visited 1 branch of the dungeon, and saw 1 of its levels.

You collected 31 gold pieces.

Inventory:

Hand Weapons
 d - a +0 hand axe (weapon)
Armour
 a - a +0 robe (worn)
 c - a +0 pair of gloves (worn)
Potions
 b - a potion of magic
 e - a potion of curing {unknown}


   Skills:
 - Level 2.4 Dodging
 - Level 2.4 Stealth
 * Level 3.6 Spellcasting
 + Level 1.6 Transmutations
 * Level 3.7 Earth Magic


You had 7 spell levels left.
You knew the following spells:

 Your Spells              Type           Power      Damage    Failure   Level
a - Sandblast             Erth           34%        2d9       3%          1

Your spell library contained the following spells:

 Spells                   Type           Power      Damage    Failure   Level
 Passwall                 Tmut/Erth      10%        N/A       7%          2
 Stone Arrow              Conj/Erth      20%        3d8       21%         3
 Petrify                  Tmut/Erth      13%        N/A       43%         4


Dungeon Overview and Level Annotations

Branches:
Dungeon (1/15)

Altars:
Uskayaw


Message History

You can't see any susceptible monsters within range! (Use Z to cast anyway.)
The blast of sand hits the hobgoblin.
The hobgoblin is almost dead.
The blast of sand hits the hobgoblin!
You kill the hobgoblin!
Found a dagger.
Things that are here:
a +0 dagger; 2 stones; a kobold corpse You see here a +0 mace.
A goblin comes into view. It is wielding a +0 dagger.
You see here a +0 dagger.
Found an inky potion.
A hobgoblin and a frilled lizard come into view.
The frilled lizard hisses angrily.
The hobgoblin shouts!
The frilled lizard moves out of view.
You can't see any susceptible monsters within range! (Use Z to cast anyway.)
The blast of sand hits the frilled lizard!
You kill the frilled lizard!
The goblin shouts!
The blast of sand hits the hobgoblin but does no damage.
The blast of sand hits the hobgoblin.
The hobgoblin is heavily wounded.
The hobgoblin hits you but does no damage.
The blast of sand hits the hobgoblin.
The hobgoblin is severely wounded.
The goblin barely misses you. The hobgoblin hits you.
The blast of sand hits the hobgoblin but does no damage.
The hobgoblin is severely wounded.
The hobgoblin barely misses you. The goblin hits you but does no damage.
The goblin barely misses you. The hobgoblin hits you.
The hobgoblin attacks as you move away! The hobgoblin hits you.
The hobgoblin attacks as you move away! The hobgoblin barely misses you.
You see here a +0 mace.
The hobgoblin attacks as you move away! The hobgoblin hits you.
* * * LOW HITPOINT WARNING * * *
The goblin attacks as you move away! The goblin hits you but does no damage.
You are too injured to fight recklessly!
The hobgoblin attacks as you move away! The hobgoblin misses you.
The goblin attacks as you move away! The goblin hits you with a +0 dagger.
You die...

.....† .# .#
....### .##..#
##...###.....
#........#
#......).#
#........#
#........#
#...>gg..#
+.....@..+ .####
#...†....#
.......#........#
.......#...)†...#
......#........#
......#####'####
#......##.#
#......'..# ###
#......#### #_#


You could see a hobgoblin and a goblin.

Vanquished Creatures
  3 dart slugs (D:1)
  2 hobgoblins (D:1)
  A kobold (D:1)
  A quokka (D:1)
  3 ball pythons (D:1)
  4 frilled lizards (D:1)
  2 rats (D:1)
16 creatures vanquished.

Notes
Turn   | Place    | Note
-------+----------+-------------------------------------------
     0 | D:1      | Heoruswealwe the Deep Elf Earth Elementalist began the
                  | quest for the Orb.
     0 | D:1      | Reached XP level 1. HP: 10/10 MP: 6/6
   173 | D:1      | Reached XP level 2. HP: 12/15 MP: 4/8
   203 | D:1      | Found a faded altar of an unknown god.
   212 | D:1      | Prayed at the altar of an unknown god.
   212 | D:1      | Became a worshipper of Uskayaw the Reveller
   212 | D:1      | Reached * piety under Uskayaw
   213 | D:1      | Fell from the grace of Uskayaw
   284 | D:1      | Slain by a goblin

Illustrated notes

Levels and vault maps discovered:
D:1:      mushboom_english_gardens, layout_basic,
          hellmonk_ecumenical_altar_defaced_shrine

Action                   || total
-------------------------++-------
 Cast: Sandblast         ||    27
Invok: Renounce Religion ||     1
Armor: Robe              ||     4
Dodge: Dodged            ||     7
